Map: [ESL] Moondance

Players

ShoWTimE - Winner!

  • Race: Protoss Protoss
  • Spawn Location: 6:00

GunGFuBanDa

  • Race: Protoss Protoss
  • Spawn Location: 12:00

Event: DreamHack SC2 Masters 2022 Atlanta (Online)

VOD

Have the link to the VOD?

Description

Time

  • Played on: Oct. 14, 2022, 11:10 a.m.
  • Length: 21:42

All games in this series

Show
View Real Time Build Order
Export as new Build Order

ShoWTimE Protoss - Winner!

Build Orders: Blink Stalkers, Carriers 

Get SALT Encoding   

  12  0:00  Probe  
  13  0:12  Probe  
  14  0:16  Pylon  
  14  0:24  Probe (Chrono Boost)  
  15  0:36  Probe (Chrono Boost)  
  15  0:37  Gateway  
  16  0:44  Probe (Chrono Boost)  
  16  0:48  Assimilator  
  17  0:50  Probe  
  18  1:03  Probe (Chrono Boost)  
  19  1:04  Assimilator  
  19  1:08  Gateway  
  19  1:13  Probe (Chrono Boost)  
  19  1:18  Probe (Chrono Boost)  
  20  1:24  Cybernetics Core  
  21  1:29  Probe  
  22  1:36  Pylon  
  22  1:41  Probe  
  24  1:54  Probe  
  24  2:00  Adept  
  24  2:01  Warp Gate, Stalker  
  28  2:07  Probe  
  29  2:12  Pylon  
  29  2:29  Pylon  
  29  2:30  Stalker  
  29  2:36  Sentry  
  33  2:48  Probe  
  34  2:52  Nexus  
  34  2:57  Shield Battery  
  34  3:01  Sentry  
  34  3:05  Probe  
  37  3:12  Twilight Council  
  37  3:18  Pylon  
  37  3:22  Probe  
  38  3:31  Shield Battery  
  38  3:34  Probe (Chrono Boost)  
  39  3:45  Probe (Chrono Boost)  
  39  3:47  Blink (Chrono Boost)  
  40  3:50  Probe (Chrono Boost), Stalker x2  
  45  4:01  Probe  
  46  4:08  Probe  
  47  4:13  Probe  
  46  4:19  Stalker x2  
  46  4:21  Probe  
  49  4:25  Probe  
  50  4:32  Robotics Facility  
  50  4:33  Probe  
  50  4:37  Probe  
  52  4:45  Probe  
  49  4:50  Stalker x2  
  53  4:53  Probe  
  53  4:57  Probe, Pylon  
  55  5:05  Probe  
  56  5:12  Probe  
  57  5:15  Sentry  
  57  5:17  Nexus, Probe  
  57  5:18  Assimilator  
  60  5:22  Shield Battery  
  60  5:24  Probe  
  60  5:27  Observer (Chrono Boost)  
  62  5:29  Probe, Pylon  
  62  5:31  Phoenix  
  62  5:33  Stalker  
  65  5:36  Probe  
  65  5:38  Forge  
  65  5:41  Observer (Chrono Boost), Probe  
  68  5:48  Probe  
  69  5:52  Gateway  
  69  5:53  Gateway  
  69  5:54  Probe  
  70  6:00  Probe, Stalker  
  70  6:04  Stalker  
  75  6:06  Probe  
  75  6:08  Protoss Ground Weapons Level 1 (Chrono Boost), Pylon  
  76  6:12  Probe  
  76  6:18  Probe  
  74  6:25  Probe  
  74  6:32  Probe, Stalker x2  
  79  6:34  Probe  
  79  6:37  Probe  
  81  6:41  Pylon  
  81  6:44  Probe  
  81  6:46  Probe  
  83  6:47  Adept x2  
  83  6:50  Probe  
  83  6:52  Assimilator  
  83  6:53  Charge  
  88  6:56  Probe  
  88  6:58  Probe  
  90  7:02  Probe  
  90  7:03  Gateway  
  90  7:06  Gateway  
  90  7:08  Phoenix, Probe  
  92  7:14  Probe  
  92  7:15  Stalker x2  
  97  7:18  Pylon  
  97  7:26  Observer  
  97  7:28  Stalker x2  
  97  7:31  Nexus  
  97  7:34  Observer  
  97  7:39  Probe x3  
  97  7:42  Pylon  
  97  7:43  Pylon  
  100  7:51  Probe  
  100  7:52  Stalker x3, Pylon  
  100  7:58  Probe  
  108  7:59  Protoss Ground Weapons Level 2 (Chrono Boost)  
  108  8:03  Probe  
  105  8:10  Stalker x3, Pylon  
  111  8:20  Gateway  
  111  8:21  Shield Battery, Gateway  
  111  8:22  Pylon  
  111  8:23  Photon Cannon  
  111  8:27  Photon Cannon  
  108  8:39  Stalker x5  
  116  8:43  Shield Battery  
  116  8:46  Photon Cannon  
  116  8:54  Stalker  
  118  8:59  Shield Battery  
  118  9:00  Pylon  
  118  9:06  Stalker x2  
  118  9:07  Stalker x2  
  118  9:09  Pylon  
  126  9:11  Observer  
  126  9:16  Zealot x3, Pylon  
  132  9:24  Probe  
  132  9:25  Probe x2  
  132  9:27  Photon Cannon  
  132  9:28  Stalker  
  137  9:31  Zealot x4, Assimilator  
  137  9:34  Probe  
  145  9:38  Zealot x2  
  145  9:44  Robotics Bay  
  149  9:46  Observer  
  149  9:49  Probe  
  149  9:50  Robotics Facility  
  149  9:52  Assimilator  
  151  9:54  Protoss Ground Weapons Level 3 (Chrono Boost)  
  151  9:55  Zealot x4  
  151  9:59  Zealot x2  
  159  10:09  Zealot x2  
  163  10:20  Zealot x2  
  167  10:27  Probe  
  167  10:28  Probe x3  
  171  10:31  Gravitic Boosters (Chrono Boost), Disruptor  
  171  10:32  Nexus  
  171  10:34  Pylon  
  174  10:36  Photon Cannon  
  174  10:46  Stalker x5  
  182  10:52  Probe x2  
  182  10:53  Probe  
  182  10:54  Disruptor  
  188  11:07  Disruptor  
  191  11:15  Stargate  
  185  11:29  Probe x2  
  185  11:30  Photon Cannon  
  185  11:32  Photon Cannon  
  190  11:34  Assimilator  
  190  11:37  Disruptor (Chrono Boost)  
  190  11:40  Disruptor (Chrono Boost)  
  193  11:52  Photon Cannon, Protoss Air Weapons Level 1, Probe  
  193  11:53  Probe x2, Photon Cannon  
  196  11:54  Probe  
  196  11:55  Photon Cannon  
  196  11:56  Photon Cannon  
  196  11:58  Shield Battery  
  196  12:00  Shield Battery  
  197  12:01  Pylon  
  197  12:02  Oracle  
  194  12:19  Fleet Beacon  
  194  12:22  Photon Cannon  
  194  12:23  Stargate  
  194  12:25  Stargate  
  194  12:28  Pylon  
  192  12:31  Assimilator  
  192  12:33  Assimilator  
  192  12:37  Observer  
  185  12:58  Protoss Shields Level 1 (Chrono Boost)  
  185  13:05  Carrier (Chrono Boost)  
  191  13:07  Carrier (Chrono Boost)  
  191  13:11  Carrier (Chrono Boost)  
  200  13:33  Nexus  
  200  13:35  Pylon  
  200  13:41  Observer  
  174  13:56  Disruptor (Chrono Boost)  
  174  13:59  Oracle (Chrono Boost)  
  174  14:01  Carrier (Chrono Boost)  
  165  14:08  Disruptor (Chrono Boost)  
  169  14:12  Carrier (Chrono Boost)  
  169  14:14  Photon Cannon  
  169  14:17  Stargate  
  169  14:24  Protoss Air Weapons Level 2 (Chrono Boost)  
  169  14:26  Carrier (Chrono Boost), Zealot x2  
  169  14:30  Observer (Chrono Boost)  
  180  14:34  Gateway  
  180  14:35  Gateway  
  180  14:40  Gateway  
  180  14:41  Gateway  
  180  14:43  Gateway  
  180  14:45  Cybernetics Core  
  180  14:46  Photon Cannon  
  186  14:54  Photon Cannon  
  186  14:55  Photon Cannon  
  186  14:57  Photon Cannon  
  186  14:59  Assimilator  
  186  15:04  Zealot x4, Assimilator  
  186  15:05  Carrier (Chrono Boost)  
  200  15:08  Shield Battery, Pylon  
  200  15:09  Carrier (Chrono Boost)  
  200  15:11  Pylon  
  194  15:33  Zealot x8  
  187  15:38  Carrier (Chrono Boost)  
  177  15:43  Observer  
  178  15:51  Disruptor  
  178  15:55  Zealot x9  
  199  16:14  Gravitic Drive (Chrono Boost)  
  199  16:26  Stargate  
  199  16:27  Stargate  
  199  16:31  Warp Prism  
  199  16:38  Stalker x2  
  199  16:39  Stalker  
  199  16:43  Observer  
  190  16:53  Nexus  
  171  17:04  Disruptor  
  171  17:07  Disruptor, Templar Archives  
  177  17:09  Zealot x11  
  193  17:16  Oracle  
  193  17:17  Carrier  
  199  17:23  Pylon  
  199  17:30  Gateway  
  199  17:32  Dark Shrine  
  199  17:34  Gateway  
  199  17:35  Gateway  
  197  17:37  Gateway  
  197  17:40  Observer  
  197  17:42  Shield Battery, Protoss Air Armor Level 1 (Chrono Boost)  
  197  17:43  Gateway  
  198  17:45  Protoss Air Weapons Level 3 (Chrono Boost)  
  198  17:50  Shield Battery  
  198  17:51  Shield Battery  
  198  17:56  Photon Cannon  
  198  17:57  Photon Cannon, Pylon  
  198  17:59  Photon Cannon  
  198  18:00  Zealot  
  198  18:02  Pylon  
  200  18:06  Assimilator  
  200  18:10  Assimilator  
  200  18:19  Observer  
  153  18:27  Zealot x6  
  153  18:28  Zealot x9  
  153  18:33  High Templar x2  
  179  18:37  Archon  
  179  18:39  High Templar  
  175  18:47  High Templar x2  
  175  18:48  High Templar x2  
  193  18:50  High Templar x2  
  193  18:52  Archon x2, Protoss Shields Level 2 (Chrono Boost)  
  193  18:54  Archon, High Templar  
  199  18:58  Archon  
  199  19:00  Observer  
  200  19:03  Photon Cannon  
  200  19:05  Photon Cannon  
  188  19:15  Zealot x5  
  188  19:22  Zealot  
  188  19:23  Zealot x3  
  179  19:25  Stalker x4  
  179  19:26  Stalker x4  
  144  19:32  Zealot  
  144  19:36  Zealot x5  
  142  19:44  High Templar x3  
  142  19:49  Observer  
  142  19:50  Zealot x4, Archon  
  142  19:52  High Templar x6  
  163  19:55  Disruptor  
  163  19:56  Archon x2  
  163  19:57  Archon, High Templar  
  168  20:03  Dark Templar x2, Archon  
  172  20:10  Disruptor  
  172  20:12  High Templar x4  
  181  20:16  Archon  
  181  20:18  Archon  
  181  20:20  Stalker x5  
  183  20:26  Stalker x3  
  189  20:31  Observer  
  189  20:33  Stalker x2  
  190  20:39  Stalker x2  
  184  20:56  Zealot x8  
  196  20:59  Observer  
  183  21:06  Observer  
  183  21:09  Zealot x5  
  188  21:16  Zealot x3  
  192  21:20  Observer  
  187  21:27  Zealot x4  
Show
View Real Time Build Order
Export as new Build Order

GunGFuBanDa Protoss 

Build Orders: Blink Stalkers 

Get SALT Encoding   

  12  0:00  Probe  
  13  0:12  Probe  
  14  0:17  Pylon  
  14  0:24  Probe (Chrono Boost)  
  16  0:37  Gateway, Probe (Chrono Boost)  
  16  0:42  Probe (Chrono Boost)  
  16  0:45  Assimilator  
  17  0:51  Probe  
  17  0:53  Assimilator  
  18  1:03  Probe (Chrono Boost)  
  19  1:08  Gateway  
  19  1:13  Probe (Chrono Boost)  
  19  1:18  Probe (Chrono Boost)  
  20  1:25  Cybernetics Core  
  21  1:30  Probe  
  22  1:33  Pylon  
  22  1:42  Probe  
  23  1:54  Probe  
  24  2:01  Stalker x2  
  24  2:02  Warp Gate  
  24  2:06  Probe  
  29  2:12  Pylon  
  29  2:30  Pylon  
  29  2:31  Adept x2  
  33  2:41  Probe  
  33  3:03  Nexus  
  33  3:07  Shield Battery  
  33  3:10  Probe  
  34  3:13  Twilight Council  
  34  3:20  Shield Battery  
  34  3:22  Probe  
  35  3:34  Probe (Chrono Boost)  
  36  3:45  Probe (Chrono Boost), Pylon  
  36  3:46  Blink (Chrono Boost)  
  37  3:49  Probe (Chrono Boost)  
  38  4:01  Probe  
  39  4:03  Sentry, Stalker  
  43  4:13  Probe  
  40  4:25  Probe  
  40  4:26  Stalker  
  40  4:27  Stalker  
  40  4:28  Shield Battery  
  40  4:30  Probe  
  44  4:37  Probe  
  45  4:42  Probe  
  46  4:49  Probe  
  46  4:51  Stalker  
  46  4:52  Stalker  
  51  4:54  Probe  
  52  5:01  Probe  
  52  5:06  Probe  
  54  5:10  Nexus  
  54  5:13  Probe  
  55  5:18  Robotics Facility  
  55  5:21  Stalker  
  55  5:26  Probe  
  55  5:27  Probe  
  59  5:31  Pylon  
  59  5:33  Assimilator  
  59  5:38  Probe  
  59  5:39  Probe  
  61  5:43  Pylon  
  61  5:49  Shield Battery  
  61  5:50  Stalker x2  
  61  5:52  Probe (Chrono Boost)  
  61  5:56  Forge  
  67  5:57  Probe (Chrono Boost)  
  67  6:02  Probe (Chrono Boost)  
  68  6:06  Probe (Chrono Boost)  
  68  6:07  Probe (Chrono Boost)  
  70  6:16  Immortal (Chrono Boost)  
  70  6:18  Probe x2  
  75  6:21  Protoss Ground Weapons Level 1 (Chrono Boost)  
  74  6:28  Stalker x2  
  74  6:30  Probe x3  
  74  6:31  Charge  
  77  6:42  Probe x2  
  77  6:43  Probe  
  77  6:46  Observer  
  80  6:50  Gateway x2  
  80  6:53  Stalker x2  
  86  6:54  Probe  
  86  6:55  Probe  
  86  6:58  Pylon  
  87  7:07  Gateway  
  87  7:08  Gateway  
  87  7:09  Gateway  
  87  7:11  Gateway  
  87  7:17  Stalker  
  87  7:18  Stalker  
  87  7:22  Observer, Probe (Chrono Boost)  
  90  7:27  Probe (Chrono Boost)  
  90  7:31  Probe (Chrono Boost)  
  90  7:32  Warp Prism  
  90  7:33  Probe (Chrono Boost)  
  93  7:37  Pylon  
  93  7:39  Probe (Chrono Boost)  
  94  7:45  Pylon  
  94  7:48  Stalker x3  
  100  7:54  Pylon  
  100  7:58  Observer  
  100  8:00  Protoss Ground Weapons Level 2 (Chrono Boost)  
  96  8:08  Stalker x2  
  96  8:09  Stalker x3  
  96  8:12  Observer  
  107  8:16  Nexus  
  107  8:20  Stalker  
  107  8:23  Stalker  
  107  8:25  Stalker  
  111  8:38  Probe  
  110  8:42  Zealot x4  
  110  8:44  Pylon  
  110  8:46  Probe  
  119  8:52  Zealot x2  
  119  8:53  Zealot  
  125  9:02  Probe  
  126  9:05  Photon Cannon  
  126  9:08  Pylon  
  126  9:12  Pylon  
  126  9:15  Pylon  
  126  9:18  Zealot x3  
  124  9:25  Zealot x6  
  124  9:26  Zealot x2, Probe  
  124  9:28  Stargate  
  124  9:29  Stargate  
  133  9:37  Probe  
  132  9:38  Probe  
  132  9:41  Shield Battery  
  132  9:44  Photon Cannon  
  133  9:49  Forge  
  133  9:53  Sentry  
  133  9:54  Zealot x7  
  149  10:02  Protoss Ground Weapons Level 3 (Chrono Boost)  
  145  10:14  Probe x2  
  145  10:18  Zealot x8  
  162  10:22  Probe  
  162  10:25  Probe  
  162  10:27  Assimilator  
  164  10:31  Protoss Shields Level 1 (Chrono Boost)  
  164  10:32  Pylon  
  164  10:37  Fleet Beacon  
  164  10:38  Photon Cannon  
  164  10:39  Observer, Probe  
  164  10:40  Pylon x2  
  157  10:50  Probe  
  157  10:52  Assimilator  
  157  10:54  Pylon  
  157  11:02  Zealot x8  
  172  11:05  Shield Battery  
  172  11:06  Shield Battery  
  171  11:15  Photon Cannon  
  171  11:32  Nexus  
  171  11:36  Pylon  
  171  11:40  Mothership (Chrono Boost), Pylon  
  171  11:41  Shield Battery  
  171  11:52  Observer  
  180  11:55  Assimilator x2  
  180  11:58  Carrier (Chrono Boost)  
  186  12:04  Carrier (Chrono Boost)  
  186  12:06  Pylon  
  180  12:22  Pylon  
  180  12:23  Pylon  
  178  12:31  Zealot x2, Stalker x3  
  184  12:37  Zealot x2  
  174  12:56  Zealot x6  
  170  13:14  Stalker x2  
  170  13:16  Phoenix x2 (Chrono Boost)  
  170  13:18  Photon Cannon  
  178  13:28  Pylon  
  178  13:30  Zealot x6  
  178  13:32  Phoenix x2 (Chrono Boost)  
  150  13:55  Zealot x5  
  150  13:57  Phoenix x2 (Chrono Boost)  
  150  13:58  Protoss Shields Level 2 (Chrono Boost)  
  158  14:04  Probe  
  159  14:14  Probe  
  159  14:16  Photon Cannon  
  160  14:19  Phoenix x2 (Chrono Boost)  
  160  14:21  Photon Cannon  
  160  14:22  Assimilator  
  160  14:23  Stalker x6  
  176  14:25  Zealot  
  176  14:28  Protoss Air Weapons Level 1  
  176  14:29  Observer, Protoss Ground Armor Level 1 (Chrono Boost)  
  179  14:36  Dark Shrine  
  179  14:46  Pylon  
  179  14:49  Nexus  
  179  14:56  Zealot  
  181  15:11  Carrier x2  
  193  15:18  Photon Cannon  
  193  15:21  Shield Battery  
  139  15:46  Stalker x8  
  155  15:55  Gateway  
  155  15:57  Gateway  
  155  16:06  Shield Battery  
  155  16:15  Zealot x2, Stalker x5  
  155  16:17  Zealot  
  167  16:27  Probe  
  167  16:29  Probe x4  
  167  16:33  Zealot  
  167  16:39  Probe  
  169  16:41  Probe  
  169  16:46  Photon Cannon  
  170  16:48  Shield Battery  
  166  16:57  Zealot x7  
  166  16:58  Zealot x3  
  159  17:11  Protoss Ground Armor Level 2 (Chrono Boost)  
  157  17:17  Probe  
  157  17:18  Probe  
  157  17:20  Templar Archives  
  157  17:22  Dark Templar  
  161  17:24  Zealot x9  
  161  17:26  Phoenix  
  173  17:49  Probe  
  173  17:50  Probe  
  175  17:53  Phoenix x2  
  175  17:57  Observer, High Templar x3  
  175  17:58  High Templar x3  
  188  17:59  High Templar  
  188  18:01  Archon x2  
  188  18:02  Archon  
  188  18:03  Dark Templar  
  196  18:07  Archon, Assimilator  
  169  18:33  Phoenix x2 (Chrono Boost)  
  173  18:38  Zealot  
  173  18:39  Zealot x9  
  193  18:52  Phoenix (Chrono Boost)  
  193  18:55  Observer  
  196  19:01  Phoenix  
  198  19:06  Nexus  
  198  19:13  Phoenix  
  127  19:39  Stalker x10  
  124  19:52  Observer  
  119  19:57  Pylon  
  117  20:05  Stalker x4  
  117  20:06  Zealot x2  
  117  20:07  Zealot x2  
  133  20:23  Zealot x6  
  137  20:37  Stalker x2  
  137  20:38  Stalker x2  
  128  20:54  Dark Templar x3  
  128  20:56  Dark Templar x3  
  103  21:14  Stalker x4  
Tags
 
Add a new tag
Caveats
  • Supply blocks, unpowered buildings, or Contaminate may cause inaccurate times.
  • Supply counts are checked every 10 seconds.